 Dungeon Crawl Stone Soup version 0.22-a0-458-gb446440d2e (webtiles) character file.

23 Oravi the Vexing (level 3, -2/20 HPs)
             Began as a Kobold Arcane Marksman on June 8, 2018.
             Slain by a gnoll
             ... wielding a +0 flail
              (11 damage)
             ... on level 1 of the Dungeon.
             The game lasted 00:04:40 (835 turns).

Oravi the Vexing (Kobold Arcane Marksman)            Turns: 835, Time: 00:04:41

Health: -2/20      AC:  2    Str:  8    XL:     3   Next: 12%
Magic:  5/5        EV: 15    Int: 14    God:
Gold:   54         SH:  0    Dex: 15    Spells: 4/5 levels left

rFire    . . .     SeeInvis .   a - +0 hand crossbow
rCold    . . .     Gourm    .   (shield restricted)
rNeg     . . .     Faith    .   e - +0 robe
rPois    .         Spirit   .   (no helmet)
rElec    .         Reflect  .   g - scarf {repulsion}
rCorr    .         Harm     .   (no gloves)
MR       .....                  (no boots)
Stlth    ++........             (no amulet)
HPRegen  0.06/turn              (no ring)
MPRegen  0.09/turn              (no ring)

@: repel missiles
A: small, carnivore
a: no special abilities


You were on level 1 of the Dungeon.
You were completely stuffed.

You visited 1 branch of the dungeon, and saw 2 of its levels.

You collected 54 gold pieces.

Inventory:

Hand Weapons
 a - a +0 hand crossbow (weapon)
 b - a +0 dagger
Missiles
 d - 14 bolts (quivered)
Armour
 e - a +0 robe (worn)
 g - a scarf of repulsion (worn)
 h - a cursed +0 ring mail
Scrolls
 c - a scroll of identify {unknown}
 n - a scroll of remove curse {unknown}
Potions
 i - a potion of curing {unknown}
 j - a potion of agility {unknown}
 k - a potion of flight {unknown}
 l - a potion of degeneration {unknown}
 m - a potion of mutation {unknown}
Comestibles
 f - 2 rations


   Skills:
 - Level 1.1 Fighting
 + Level 2.8 Crossbows
 + Level 2.8 Dodging
 + Level 1.4 Stealth
 + Level 1.5 Spellcasting
 + Level 3.2 Hexes


You had 4 spell levels left.
You knew the following spells:

 Your Spells              Type           Power        Failure   Level  Hunger
a - Corona                Hex            ##.....      7%          1    ##.....

Your spell library contained the following spells:

 Spells                   Type           Power        Failure   Level  Hunger
 Cause Fear               Hex            ##........   54%         4    #####..
 Slow                     Hex            ##......     10%         2    ###....
 Portal Projectile        Hex/Tloc       #.....       36%         3    ####...
 Leda's Liquefaction      Hex/Erth       #.........   77%         4    #####..
 Inner Flame              Hex/Fire       #.......     36%         3    ####...


Dungeon Overview and Level Annotations

Branches:
Dungeon (2/15)

Altars:


Innate Abilities, Weirdness & Mutations

You are small and have problems with some larger weapons.
You are carnivorous and can eat meat at any time.


Message History

The gnoll hits you with a flail! The gnoll misses you.
You climb upwards.
There is a stone staircase leading down here.
Casting: Corona (safe; 7% risk of failure)
Confirm with . or Enter, or press ? or * to list all spells.
Aiming: Corona (safe; 7% risk of failure)
Press: ? - help, Shift-Dir - straight line, f - gnoll
Aim: a gnoll, wielding a flail (heavily wounded, chance to defeat MR: 54%)
The gnoll struggles to resist.
Casting: Corona (safe; 7% risk of failure)
Confirm with . or Enter, or press ? or * to list all spells.
Aiming: Corona (safe; 7% risk of failure)
Press: ? - help, Shift-Dir - straight line, f/p - gnoll
Aim: a gnoll, wielding a flail (heavily wounded, chance to defeat MR: 54%)
The gnoll struggles to resist.
The gnoll hits you with a flail.
* * * LOW HITPOINT WARNING * * *
The gnoll hits you with a flail!
Ouch! That really hurt!
You die...

..'..............8#..<..#8.####..
###......#.......#########.# #..
#................8#8#8#8#8.# ###
#...#......................######
#.#..............................
#...#......................[.....
#.#...#..........................
###.###.........g................
....# #...>.....@.######.........
##### #....########## #.........
####..........# #.........
##..........## #.........
#######............# #.........
#..................###.........
#..............................
#.....................###+#....
#.........................#....


You could see a gnoll.

Vanquished Creatures
  A gnoll (D:2)
  2 giant cockroaches (D:1)
  A goblin (D:1)
  3 hobgoblins (D:1)
  A kobold (D:1)
  2 bats (D:1)
  A frilled lizard (D:1)
  3 rats (D:1)
14 creatures vanquished.

Notes
Turn   | Place    | Note
-------+----------+-------------------------------------------
     0 | D:1      | Oravi the Kobold Arcane Marksman began the quest for the Orb.
     0 | D:1      | Reached XP level 1. HP: 12/12 MP: 2/2
   130 | D:1      | Reached XP level 2. HP: 16/16 MP: 3/3
   224 | D:1      | Reached skill level 1 in Stealth
   771 | D:2      | Reached XP level 3. HP: 20/20 MP: 2/5
   835 | D:1      | Slain by a gnoll

Vault maps used:
D:1:      minmay_arrival_statue_studded
D:2:      grunt_gozag_statues, first_ration, uniq_terence

Skill      XL: |  1  2 |
---------------+-------+-----
Stealth        | 1 |  1.4
Fighting       | |  1.1
Crossbows      | |  2.8
Dodging        | |  2.8
Spellcasting   | |  1.5
Hexes          | |  3.2

Action                   || total
-------------------------++-------
 Fire: Hand crossbow     ||    34
 Cast: Corona            ||     5
  Eat: Chunk             ||     8
Dodge: Dodged            ||     6

Table legend:
 A = Spawn XP
 B = Non-spawn XP
 C = Spawn XP percentage of total XP
 D = Spawn monster count
 E = Non-spawn monster count
 F = Spawn count percentage of total count
 G = Total turns spent on level
                    A         B        C        D         E        F      G
               +---------+---------+-------+---------+---------+-------+---------
         Total |       0 |      34 |   0.0 |       0 |      14 |   0.0 |   835
               +---------+---------+-------+---------+---------+-------+---------
           D:1 |       0 |      20 |   0.0 |       0 |      13 |   0.0 |   821
           D:2 |       0 |      14 |   0.0 |       0 |       1 |   0.0 |    14
               +---------+---------+-------+---------+---------+-------+---------
